 Dungeon Crawl Stone Soup version 0.30-a0-1116-gebefce21f7 (webtiles) character file.

Game seed: 10277248945351727836

1951 xian the Cleaver (level 9, -1/145 HPs)
             Began as an Ogre Berserker on Apr 22, 2023.
             Was a Priest of Trog.
             Slain by a yak (13 damage)
             ... on level 7 of the Dungeon.
             The game lasted 00:15:36 (5904 turns).

xian the Cleaver (Ogre Berserker)                   Turns: 5904, Time: 00:15:36

Health: -1/145     AC:  4    Str: 35    XL:     9   Next: 18%
Magic:  9/9        EV: 10    Int:  8    God:    Trog [***...]
Gold:   1136       SH:  0    Dex:  8    Spells: 8/8 levels left

rFire   . . .      SeeInvis .    v - +2 hand axe (elec)
rCold   + . .      Faith    .    (no shield)
rNeg    . . .      Spirit   .    b - +0 animal skin
rPois   .          Reflect  .    r - +0 hat
rElec   .          Rampage  .    y - +0 cloak
rCorr   .                        (gloves unavailable)
Will    .....                    (boots unavailable) Stlth
                                 (no amulet)
HPRegen 0.44/turn                m - +6 ring of strength
MPRegen 0.11/turn                L - ring of Dawn {Fly rC+ Str+2}

@: berserking (expiring), flying, very quick
A: large, unfitting armour, tough skin 1
a: Renounce Religion, Berserk, Trog's Hand


You were on level 7 of the Dungeon.
You worshipped Trog.
Trog was most pleased with you.
You visited 1 branch of the dungeon, and saw 7 of its levels.

You collected 1427 gold pieces.
You spent 291 gold pieces at shops.

Inventory:

Hand Weapons
 v - a +2 hand axe of electrocution (weapon)
Missiles
 e - 29 stones (quivered)
 f - 3 datura-tipped darts
 w - 2 boomerangs of dispersal
 z - 7 boomerangs
 B - 13 poisoned darts
Armour
 b - a +0 animal skin (worn)
 r - a +0 hat (worn)
 y - a +0 cloak (worn)
Jewellery
 m - a +6 ring of strength (left hand)
 s - a +6 ring of dexterity
 A - a ring of ice
 L - the ring of Dawn (right hand) {Fly rC+ Str+2}
   (You found it on level 6 of the Dungeon)

   [ring of flight]

   Str:       It affects your strength (+2).
   rC:        It protects you from cold.
   Fly:       It grants you flight.
Wands
 a - a wand of paralysis (5)
 H - a wand of flame (17)
 I - a wand of polymorph (2)
 M - a wand of quicksilver (8)
Scrolls
 d - 3 scrolls of magic mapping {unknown}
 k - 3 scrolls of vulnerability {unknown}
 n - 2 scrolls of enchant armour
 o - a scroll of immolation
 q - 2 scrolls of enchant weapon
 t - 3 scrolls of teleportation {unknown}
 D - 3 scrolls of fog
 E - a scroll of fear
 J - a scroll of poison
Potions
 g - a potion of might {unknown}
 h - a potion of haste
 i - 2 potions of heal wounds {unknown}
 j - a potion of resistance {unknown}
 l - 5 potions of curing
 u - a potion of degeneration {unknown}
 x - 2 potions of attraction {unknown}
 C - a potion of berserk rage {unknown}
 F - a potion of mutation {unknown}
 G - 2 potions of brilliance {unknown}
 K - 4 potions of lignification {unknown}


   Skills:
 + Level 8.5 Fighting
 + Level 9.2 Axes
 + Level 1.0 Throwing
 + Level 4.9 Dodging
 + Level 2.0 Stealth


You had 8 spell levels left.
You didn't know any spells.
Your spell library contained the following spells:

 Spells                   Type           Power      Damage    Failure   Level
 Blink                    Tloc           0%         N/A       54%         2
 Gell's Gravitas          Tloc           0%         N/A       78%         3
 Ozocubu's Armour         Ice            0%         N/A       78%         3
 Stone Arrow              Conj/Erth      0%         3d7       78%         3
 Teleport Other           Tloc           0%         N/A       78%         3
 Animate Armour           Summ/Erth      0%         N/A       99%         4
 Manifold Assault         Tloc           0%         N/A       99%         4
 Summon Lightning Spire   Summ/Air       0%         N/A       99%         4
 Dispersal                Tloc           0%         N/A       100%        6
 Ozocubu's Refrigeration  Ice            0%         4d7       100%        7
 Storm Form               Tmut/Air       0%         N/A       100%        7
 Lehudib's Crystal Spear  Conj/Erth      0%         10d2      100%        8
 Maxwell's Capacitive Co  Air            0%         ∞         100%        8


Dungeon Overview and Level Annotations

Branches:
Dungeon (7/15)
 Temple: D:4-7

Altars:
Nemelex Xobeh
Okawaru
Sif Muna
Vehumet

Shops:
D:1 [(*   D:5 *   D:6 !*

Annotations:
D:7 Joseph, Prince Ribbit


Innate Abilities, Weirdness & Mutations

You are too large for most types of armour.
You have tough skin. (AC +1)


Message History

The centaur is severely wounded.
The centaur closely misses you. x2
You slash the centaur!
You kill the centaur!
Trog accepts your kill.
Joseph unwields a +0 quarterstaff.
Joseph wields a +0 sling.
Joseph shoots a sling bullet.
The sling bullet closely misses you.
You hear a bellow! x2
A yak comes into view.
You hear a shout!
Prince Ribbit hits you.
Items here: ) ? [ †.
You miss Prince Ribbit. You punch Prince Ribbit.
Prince Ribbit is lightly wounded.
Prince Ribbit barely misses you.
You hit Prince Ribbit.
Lightning courses through Prince Ribbit!
Prince Ribbit is severely wounded.
You closely miss the yak. You miss Prince Ribbit.
Prince Ribbit is severely wounded.
You slash the yak!
Prince Ribbit blinks!
The yak gores you!
Joseph shoots a sling bullet.
The sling bullet hits you!
* * * LOW HITPOINT WARNING * * *
Unknown command.
You slash the yak!
The yak is heavily wounded.
Prince Ribbit lets out a mournful croak.
The yak gores you!
* * * LOW HITPOINT WARNING * * *
Unknown command.
You hit the yak.
The yak is severely wounded.
Joseph shoots a sling bullet.
The sling bullet hits you.
* * * LOW HITPOINT WARNING * * *
Unknown command.
You hit the yak.
The yak is almost dead.
The yak gores you!
You die...

..........#...
..............?......
................###.
.....F....###...#...
.Y.!###. #....... #@..#
# #....... #... #.
#....... #Y§# .#
#........ #)@#
.##.........
##..###......##.....
#####.......#.##.##.....
.........####.##.##.....
........^.# #.##.##...>.
..........###)##.#...##.
...........))...........
..........####...######.
#######...# ##..# #.


You could see Joseph, Prince Ribbit and 2 yaks.

Vanquished Creatures
  3 yaks (D:6)
  3 orc warriors
  A black bear (D:4)
  An ice beast (D:7)
  A centaur (D:7)
  A kobold brigand (D:4)
  A gnoll sergeant (D:5)
  A bullfrog (D:5)
  Crazy Yiuf (D:3)
  4 orc priests
  3 iguanas
  3 sleepcaps
  7 orc wizards
  6 gnolls
  10 adders
  A shadow imp (D:5)
  2 worms
  3 dart slugs
  31 orcs
  6 ball pythons
  3 bats
  5 endoplasms
  4 giant cockroaches
  14 goblins
  7 hobgoblins
  7 jackals
  2 kobolds
  3 quokkas
  6 rats (D:1)
  A spectral kobold (D:3)
141 creatures vanquished.

Vanquished Creatures (others)
  2 fungi (D:1)
  2 plants (D:1)
4 creatures vanquished.

Grand Total: 145 creatures vanquished

Notes
Turn   | Place    | Note
-------+----------+-------------------------------------------
     0 | D:1      | xian the Ogre Berserker began the quest for the Orb.
     0 | D:1      | Reached XP level 1. HP: 24/24 MP: 1/1
   170 | D:1      | Reached XP level 2. HP: 32/32 MP: 2/2
   499 | D:1      | Found Ykkyl's Antique Armour Boutique.
   632 | D:1      | Reached XP level 3. HP: 39/40 MP: 3/3
   715 | D:1      | Found Mapeck's Weapon Emporium.
   740 | D:1      | Found Latuniuzyoj's Assorted Antiques.
   749 | D:1      | Bought a scroll labelled GUOGHO TEECUNN for 17 gold pieces
   749 | D:1      | Bought a scroll labelled GASOWY FECSU for 17 gold pieces
   749 | D:1      | Bought a scroll labelled ITISATYFYI for 17 gold pieces
   749 | D:1      | Bought a scroll labelled SOHULOWOPI for 17 gold pieces
  1313 | D:2      | Reached XP level 4. HP: 17/49 MP: 4/4
  1743 | D:2      | Reached ** piety under Trog
  1833 | D:3      | Reached skill level 4 in Axes
  2073 | D:3      | Found a runed translucent door.
  2074 | D:3      | Noticed Crazy Yiuf
  2112 | D:3      | Killed Crazy Yiuf
  2113 | D:3      | Reached XP level 5. HP: 55/55 MP: 5/5
  2218 | D:3      | Found a faded altar of an unknown god.
  2426 | D:3      | Found a shimmering blue altar of Sif Muna.
  2435 | D:3      | Reached skill level 5 in Fighting
  2794 | D:1      | Bought a glowing brass ring for 85 gold pieces
  3024 | D:4      | Reached skill level 5 in Axes
  3074 | D:4      | Noticed a kobold brigand
  3095 | D:4      | Killed a kobold brigand
  3096 | D:4      | Reached XP level 6. HP: 66/66 MP: 6/6
  3269 | D:4      | Noticed a black bear
  3276 | D:4      | Killed a black bear
  3440 | D:4      | Reached skill level 6 in Axes
  3445 | D:4      | Reached XP level 7. HP: 74/74 MP: 7/7
  3650 | D:5      | Entered Level 5 of the Dungeon
  3812 | D:5      | Reached skill level 1 in Stealth
  4152 | D:5      | Found Oxunux Ciut's Assorted Antiques.
  4174 | D:5      | Bought a scroll labelled SOHULOWOPI for 25 gold pieces
  4174 | D:5      | Bought a scroll labelled ZURUASK YHUQIW for 25 gold pieces
  4429 | D:1      | Bought a lumpy yellow potion for 15 gold pieces
  4536 | D:6      | Reached skill level 7 in Axes
  4536 | D:6      | Reached XP level 8. HP: 84/84 MP: 8/8
  4536 | D:6      | Reached *** piety under Trog
  4552 | D:6      | Identified the ring of Dawn {Fly rC+ Str+2}
  4567 | D:6      | Found Qoibrez's General Store.
  4577 | D:6      | Acquired 986 gold pieces
  4592 | D:6      | Bought 4 poisoned darts for 28 gold pieces
  4604 | D:6      | Identified the +0 leather armour "Fedor" {+Blink rF- Str+7
                  | SInv}
  4697 | D:6      | Found an iron altar of Okawaru.
  5156 | D:6      | Noticed a yak
  5156 | D:6      | Noticed a yak
  5156 | D:6      | Noticed a yak
  5163 | D:6      | Killed a yak
  5165 | D:6      | Killed a yak
  5166 | D:6      | Reached skill level 8 in Axes
  5169 | D:6      | Killed a yak
  5265 | D:6      | Found a sparkling altar of Nemelex Xobeh.
  5321 | D:6      | Found Qenuir's Distillery.
  5329 | D:6      | Bought a potion of curing for 45 gold pieces
  5722 | D:7      | Found a radiant altar of Vehumet.
  5784 | D:7      | Reached XP level 9. HP: 96/96 MP: 9/9
  5797 | D:7      | Reached skill level 9 in Axes
  5891 | D:7      | Noticed Prince Ribbit
  5892 | D:7      | Noticed Joseph
  5894 | D:7      | Reached skill level 1 in Throwing
  5904 | D:7      | Slain by a yak

Illustrated notes

Levels and vault maps discovered:
D:1:      shiori_arrival_elements, layout_basic, serial_shops,
          nicolae_shop_hallway_plus, nicolae_shop_real_fake_doors,
          nicolae_shop_behind_doors, serial_bayou, serial_bayou_lagoon_b,
          serial_bayou_pond_e, serial_bayou_pond_e, serial_bayou_ford_a,
          dreamdust_mushroom_princess, grunt_decor_fettered, minmay_pentomino_z4
D:2:      layout_basic
D:3:      layout_loops_ring, nicolae_overflow_hidden_temple,
          dreamdust_ecumenical_altar_drowned_temple, guppyfry_early_orc_mine,
          uniq_crazy_yiuf_cottage
D:4:      layout_basic
D:5:      layout_rooms, serial_shops, nicolae_shop_pleasant_corner_grove,
          minmay_tree_intersection, grunt_ministairs_1
D:6:      layout_rooms, nemelex_spade_bored_becter,
          mainiacjoe_overflow_24_doors, serial_shops,
          nicolae_shop_hallway_stairs, shop, roderic_roman_lattice
D:7:      layout_rooms, mainiacjoe_overflow_concentric_impassable,
          minmay_temple_entry_large_hall, uniq_joseph, uniq_prince_ribbit1

Skill      XL: |  1  2  3  4  5  6  7  8  9 |
---------------+----------------------------+-----
Dodging        | 3 4 |  4.9
Axes           | 4 5 6 7 8 9 |  9.2
Fighting       | 5 6 8 |  8.5
Stealth        | 1 2 |  2.0
Throwing       | 1 |  1.0

Action                     |  1- 3 |  4- 6 |  7- 9 || total
---------------------------+-------+-------+-------++-------
  Melee: Hand axe          |    94 |   116 |   159 ||   369
         Punch             |     1 |     2 |     4 ||     7
  Throw: Stone             |       |     7 |    17 ||    24
 Invoke: Berserk           |       |     4 |     5 ||     9
    Use: Scroll            |       |       |    10 ||    10
   Stab: Sleeping          |       |       |     1 ||     1
 Armour: Animal skin       |    50 |    29 |    25 ||   104
  Dodge: Dodged            |    56 |    66 |    77 ||   199

Table legend: (Time is in decaauts)
 A = Elapsed time spent in this place.
 B = Non-inter-level travel time spent in this place.
 C = Inter-level travel time spent in this place.
 D = Time resting spent in this place.
 E = Time spent auto-exploring this place.
 F = Levels seen in this place.
 G = Mean time per level.
                   A        B        C        D        E       F      G
               +--------+--------+--------+--------+--------+-----+--------+
         Total |   5996 |   5609 |    387 |     57 |   4083 |   7 |  856.6 |
       Dungeon |   5996 |   5609 |    387 |     57 |   4083 |   7 |  856.6 |
               +--------+--------+--------+--------+--------+-----+--------+

Top non-repeatable levels by time:
     D:1: 1257 daAuts
     D:3: 1003 daAuts
     D:6: 927 daAuts
     D:4: 832 daAuts
     D:2: 789 daAuts
     D:5: 715 daAuts
     D:7: 470 daAuts
